 Dungeon Crawl Stone Soup version 0.17.1-3-g152610e (webtiles) character file.

276110 namelastname112 the Draconian Blade (level 20, -1/205 HPs)
             Began as a Purple Draconian Berserker on Mar 18, 2016.
             Was a High Priest of Trog.
             Shot with a poisoned bolt by a yaktaur (7 damage)
             ... led by a yaktaur captain
             ... on level 5 of the Depths.
             The game lasted 01:23:27 (42820 turns).

namelastname112 the Draconian Blade (DrBe)         Turns: 42820, Time: 01:23:27

Health: -1/205     AC: 18    Str: 25    XL:     20   Next: 25%
Magic:  6/6        EV: 30    Int:  4    God:    Trog [*****.]
Gold:   2841       SH: 15    Dex: 18    Spells: 0 memorised, 19 levels left

rFire  + . .     SeeInvis .     Y - +8 double sword (antimagic)
rCold  + . .     Clarity  .     (armour unavailable)
rNeg   + + .     SustAt   .     N - +0 shield of Good Intentions {rElec rN+ Int-3}
rPois  +         Gourm    +     o - +2 hat {MR+}
rElec  +         Spirit   .     c - +1 ratskin cloak {rPois rN+ Int-1 Dex-1}
rCorr  .         Warding  .     W - +1 pair of gloves {Dex+3}
rMut   .         Stasis   .     q - +1 pair of boots
MR     +++++                    O - amulet of the gourmand
Stlth  +++.......               U - ring of protection from fire
                                F - +5 ring of evasion

@: very slightly contaminated, regenerating, slowed, very slow, almost entirely
resistant to hostile enchantments, fairly stealthy
A: breathe power, unfitting armour, antennae 1, beak, hooves 1, camouflage 1,
cold resistance 1, low mp 1, robust 1, screaming 1, strong 1, evolution 1,
cold-blooded, AC +10
a: Breathe Dispelling Energy, Berserk, Trog's Hand, Brothers in Arms, Burn
Spellbooks, Renounce Religion


You were on level 5 of the Depths.
You worshipped Trog.
Trog was extremely pleased with you.
You were very full.

You visited 2 branches of the dungeon, and saw 20 of its levels.
You also visited: Labyrinth and Ossuary.

You collected 2917 gold pieces.
You spent 76 gold pieces at shops.

Inventory:

Hand Weapons
 v - the +7 scimitar of Resourcefulness {speed, MR+ Str+3}
   (Trog gifted it to you on level 2 of the Depths)

   Attacks with this weapon are significantly faster.
   It affects your strength (+3).
   It affects your resistance to hostile enchantments.
 Y - a +8 antimagic double sword (weapon)
Armour
 c - the +1 ratskin cloak (worn) {rPois rN+ Int-1 Dex-1}
   (You acquired it on level 4 of the Depths)

   It affects your intelligence (-1).
   It affects your dexterity (-1).
   It protects you from poison.
   It protects you from negative energy.
 o - a +2 hat of magic resistance (worn)
 q - a +1 pair of boots (worn)
 N - the +0 shield of Good Intentions (worn) {rElec rN+ Int-3}
   (You found it on level 12 of the Dungeon)

   It affects your intelligence (-3).
   It insulates you from electricity.
   It protects you from negative energy.
 W - a +1 pair of gloves of dexterity (worn)
Jewellery
 F - a +5 ring of evasion (left hand)
 G - an uncursed ring of sustain attributes
 O - an amulet of the gourmand (around neck)
 U - a ring of protection from fire (right hand)
 V - an uncursed ring of protection from cold
Wands
 a - a wand of fire (8)
 e - a wand of cold (11)
 m - a wand of lightning (4)
 r - a wand of teleportation (3)
 s - a wand of disintegration (12)
 u - a wand of digging (4)
 H - a wand of invisibility (4)
 Q - a wand of cold (10)
 S - a wand of confusion (34)
 T - a wand of disintegration (5)
Scrolls
 d - 8 scrolls of enchant armour
 f - 11 scrolls of remove curse
 g - 2 scrolls of fog
 w - 4 scrolls of blinking
 y - 9 scrolls of magic mapping
 C - a scroll of recharging
 L - a scroll of fear
Potions
 i - 9 potions of curing
 j - a potion of beneficial mutation {unknown}
 k - 3 potions of magic {unknown}
 l - 5 potions of cancellation
 p - 2 potions of heal wounds
 t - 6 potions of haste
 x - 2 potions of flight
 z - 3 potions of might
 B - 4 potions of ambrosia
 D - a potion of berserk rage
 E - a potion of brilliance {unknown}
 M - a potion of resistance
 Z - 2 potions of cure mutation {unknown}
Comestibles
 b - 11 bread rations
 h - 8 fruits
 n - 4 chunks of flesh
 X - 2 meat rations


   Skills:
 + Level 17.9 Fighting
 + Level 22.2 Long Blades
 * Level 15.3 Dodging
 + Level 16.2 Shields


You had 19 spell levels left.
You didn't know any spells.

Dungeon Overview and Level Annotations

Branches:
Dungeon (15/15)            Temple (0/1) D:6            Lair (0/8) D:8
    Orc (0/4) D:11         Vaults (0/5) D:14         Depths (5/5) D:15
    Zot: Depths:5

Altars:
Ashenzari
Dithmenos
Elyvilon
Kikubaaqudgha
Makhleb
Qazlal
Ru
Xom
Yredelemnul

Shops:
D:6 %   D:11 [   D:15 (   Depths:1 }

Portals:
Hell: Depths:1 Depths:2 Depths:3 Depths:4
Pandemonium: Depths:3
Ziggurat: Depths:3

Annotations:
D:9 1 runed door


Innate Abilities, Weirdness & Mutations

You can breathe bolts of dispelling energy.
Your rich purple scales are hard (AC +10).
Your body does not fit into most forms of armour.
You are cold-blooded and may be slowed by cold attacks.
You have a pair of small antennae on your head.
You have a beak for a mouth.
You have large cloven feet.
Your skin changes colour to match your surroundings (Stealth).
Your flesh is cold resistant.
Your magical capacity is low (-10% MP).
You are robust (+10% HP).
You occasionally shout uncontrollably at your foes.
Your muscles are strong. (Str +2)
You evolve.


Message History

Press: ? - help, Shift-Dir - straight line Nothing appears to happen.
Evoking this partially-identified wand wasted a few charges.
Your skin crawls.
You feel resistant to hostile enchantments.
You feel slightly less full.
You start resting.
Eating one of 5 chunks of flesh.
This raw flesh tastes great.
You feel your health improve.
You continue eating.
The yaktaur shoots a poisoned bolt.
The poisoned bolt hits you!
* * * LOW HITPOINT WARNING * * *
You are poisoned.
You continue eating.
You feel sick.
The yaktaur shoots a poisoned bolt.
The poisoned bolt completely misses you.
Drink which item? (? for menu, Esc to quit)
You feel better.
The yaktaur shoots a poisoned bolt.
The poisoned bolt hits you!
You die...

### #@## ##.## ##.######
################.....#
#..............#c....#
...#..............#.....#
...#...##.........#.....#
...#...##.........#.....#
...#...#########..#.....#


You could see a yaktaur.

Vanquished Creatures
  A juggernaut (Depths:5)
  Frederick (Depths:4)
  2 golden dragons
  5 liches
  4 tentacled monstrosities
  A Shadow Fiend (Depths:2)
  2 titans
  2 quicksilver dragons
  3 sphinxes
  Gastronok (D:8)
  2 tengu reavers
  A shadow dragon (Depths:3)
  2 storm dragons
  6 draconian monks (Depths:5)
  10 frost giants
  A deep elf sorcerer (Depths:1)
  7 fire giants
  A balrug (Depths:1)
  5 reapers (Depths:2)
  A spriggan defender (Depths:3)
  2 draconian annihilators (Depths:5)
  16 stone giants
  12 very ugly things
  3 black draconians (Depths:5)
  A deep elf demonologist (Depths:4)
  2 green draconians (Depths:5)
  2 purple draconians (Depths:5)
  6 white draconians (Depths:5)
  5 vampire knights
  2 red draconians (Depths:5)
  5 deep elf death magi
  12 ettins
  A minotaur (Lab)
  A deep elf high priest (Depths:1)
  A vault guard (D:14)
  6 rakshasas
  10 fire dragons
  An entropy weaver (shapeshifter) (Depths:3)
  A quicksilver dragon skeleton (Depths:2)
  9 entropy weavers
  7 great orbs of eyes
  10 yaktaur captains
  A hydra (D:11)
  14 ice dragons
  8 centaur warriors
  4 spriggan air magi
  Erica (D:8)
  A juggernaut simulacrum (Depths:2)
  3 ogre magi
  15 deep troll shamans
  9 deep troll earth magi
  12 tengu warriors
  2 vampire magi
  2 soul eaters (Depths:2)
  8 spriggan berserkers
  2 sun demons (Depths:1)
  7 hell knights (Depths:4)
  2 titan skeletons (Depths:2)
  An ice devil (Depths:3)
  4 iron trolls
  3 unseen horrors
  A storm dragon skeleton (Depths:2)
  A golden dragon zombie (Depths:2)
  A lindwurm (Depths:5)
  24 deep trolls
  2 sphinx zombies (Depths:2)
  4 phantasmal warriors
  2 giant orange brains (Depths:1)
  3 death drakes (Depths:5)
  A golden dragon skeleton (Depths:2)
  A flayed ghost (Depths:2)
  9 necromancers
  4 hill giants
  4 cyclopes
  A manticore (D:14)
  A harpy (shapeshifter) (Depths:4)
  2 frost giant zombies (Depths:2)
  A griffon (D:15)
  A fire giant zombie (Depths:2)
  A hornet (shapeshifter) (Depths:4)
  A sphinx skeleton (Depths:2)
  6 wizards
  A spriggan zombie (Depths:2)
  42 ugly things
  Maurice (D:8)
  An octopode (shapeshifter) (D:14)
  The ghost of Malhgor the Chopper, a novice DDFi of Makhleb (D:5)
  A fire giant skeleton (Depths:2)
  2 frost giant skeletons (Depths:2)
  2 stone giant skeletons (Depths:2)
  A black mamba (shapeshifter) (Depths:1)
  Psyche (D:8)
  A titan simulacrum (Depths:2)
  2 gargoyles
  An elf zombie (Depths:2)
  A kobold demonologist (D:15)
  14 yaktaurs
  3 tengu conjurers
  A troll (shapeshifter) (D:13)
  3 jumping spiders
  4 wind drakes (Depths:5)
  4 two-headed ogres
  The ghost of juanjsm the Sneak, a novice SpEn of Ashenzari (D:6)
  2 efreet
  2 trolls
  A tengu simulacrum (Depths:2)
  A freezing wraith (D:14)
  17 slime creatures
  Prince Ribbit (D:8)
  2 stone giant simulacra (Depths:2)
  2 wyverns
  A fire giant simulacrum (Depths:2)
  2 wraiths
  2 shadows
  7 water elementals
  10 redbacks
  A spriggan (shapeshifter) (Depths:1)
  6 air elementals
  A spriggan skeleton (Depths:2)
  6 yaks
  2 trapdoor spiders (Lab)
  A vampire (D:12)
  6 spriggans
  A tarantella (shapeshifter) (Depths:1)
  A deep elf fighter (D:15)
  4 deep elf magi
  A steam dragon (D:14)
  5 vampire mosquitoes
  2 hungry ghosts
  19 humans (D:14)
  4 hippogriffs
  4 basilisks (Lab)
  The ghost of emiel the Cudgeler, an amateur GrAK of Lugonu (D:3)
  12 orc warriors
  3 swamp drakes (Depths:5)
  26 centaurs
  5 sky beasts
  5 wasps
  16 ogres
  2 black bears
  An ice beast (D:7)
  A boggart (shapeshifter) (Depths:4)
  3 eyes of draining
  25 boggarts
  3 crocodiles
  18 big kobolds
  3 phantoms
  A brain worm (D:14)
  9 giant frogs
  A wyvern zombie (D:10)
  2 wyvern skeletons (D:7)
  3 scorpions
  10 killer bees
  9 wights
  7 electric eels
  5 crimson imps
  10 centaur zombies
  7 orc priests
  3 giant frog zombies
  7 hounds
  3 jellies
  5 centaur skeletons
  2 giant frog skeletons
  8 worker ants
  A gnoll shaman (D:7)
  6 iguanas
  5 orc wizards
  3 sheep (D:15)
  4 mummies
  Robin (D:2)
  12 adders
  A worker ant zombie (D:5)
  7 gnolls
  A shadow imp (D:5)
  6 adder zombies
  4 oozes
  2 adder skeletons
  5 worms
  A worm (shapeshifter) (Depths:1)
  6 giant geckos
  49 orcs
  6 ball pythons
  5 giant cockroaches
  5 hobgoblins
  11 jackals
  24 kobolds
  9 bats
  A giant cockroach zombie (D:6)
  5 giant newts
  A gnoll zombie (Ossuary)
  14 goblins
  4 goblin zombies (Ossuary)
  3 hobgoblin zombies (Ossuary)
  A kobold zombie (Ossuary)
  6 quokkas
  A quokka zombie (Ossuary)
  12 rats
  4 rat zombies (Ossuary)
987 creatures vanquished.

Vanquished Creatures (collateral kills)
  A frost giant (Depths:1)
  An iron dragon (shapeshifter) (Depths:1)
  3 stone giants (Depths:1)
  An ettin (Depths:1)
  A giant orange brain (Depths:1)
  7 ugly things
  A mottled dragon (D:14)
15 creatures vanquished.

Vanquished Creatures (others)
  A tengu conjurer (Depths:4)
  A centaur (D:15)
  A boggart (Depths:1)
  A bat (D:1)
  A kobold (D:1)
  A fungus (D:8)
  19 plants
25 creatures vanquished.

Grand Total: 1027 creatures vanquished

Notes
Turn   | Place    | Note
--------------------------------------------------------------
     0 | D:1      | namelastname112 the Draconian Berserker began the quest for the Orb.
     0 | D:1      | Reached XP level 1. HP: 19/19 MP: 1/1
   381 | D:1      | Reached XP level 2. HP: 13/26 MP: 2/2
   651 | D:1      | Reached XP level 3. HP: 19/31 MP: 3/3
   701 | D:1      | Reached ** piety under Trog
   970 | D:2      | Reached skill level 4 in Long Blades
  1110 | D:2      | Reached XP level 4. HP: 40/40 MP: 4/4
  1119 | D:2      | Noticed Robin
  1129 | D:2      | Killed Robin
  1160 | D:2      | Found a faded altar to an unknown god.
  1416 | D:2      | Reached *** piety under Trog
  1575 | D:3      | Noticed emiel's ghost (amateur GrAK)
  1604 | D:3      | Killed emiel's ghost
  1604 | D:3      | Reached skill level 5 in Long Blades
  1604 | D:3      | Reached XP level 5. HP: 45/47 MP: 5/5
  1944 | D:3      | Reached XP level 6. HP: 51/53 MP: 6/6
  2089 | D:3      | Found a shattered altar of Ashenzari.
  2372 | D:4      | Reached skill level 6 in Long Blades
  2380 | D:4      | Reached **** piety under Trog
  2599 | D:4      | Reached skill level 5 in Fighting
  2599 | D:4      | Your scales start taking on a rich purple colour.
  2599 | D:4      | Reached XP level 7. HP: 57/61 MP: 7/7
  2752 | D:4      | Reached skill level 1 in Shields
  2909 | D:5      | Entered Level 5 of the Dungeon
  2982 | D:5      | Reached skill level 7 in Long Blades
  3058 | D:5      | Found a sand-covered staircase.
  3072 | Ossuary  | Entered an ossuary
  3565 | D:5      | Reached XP level 8. HP: 37/69 MP: 8/8
  3570 | D:5      | Gained mutation: You are weak. (Str -2) [mutagenic meat]
  3784 | D:5      | Noticed Malhgor's ghost (novice DDFi)
  3813 | D:5      | Killed Malhgor's ghost
  3813 | D:5      | Reached skill level 5 in Dodging
  4276 | D:6      | Noticed juanjsm's ghost (novice SpEn)
  4288 | D:6      | Killed juanjsm's ghost
  4288 | D:6      | Reached skill level 8 in Long Blades
  4325 | D:6      | Found a sacrificial altar of Ru.
  4765 | D:6      | Reached XP level 9. HP: 68/78 MP: 9/9
  5044 | D:6      | Found a staircase to the Ecumenical Temple.
  5190 | D:6      | Found Enen's Food Boutique.
  5645 | D:6      | Reached skill level 9 in Long Blades
  6169 | D:7      | Found a basalt altar of Yredelemnul.
  6405 | D:7      | Found a burning altar of Makhleb.
  6406 | D:7      | Found a shadowy altar of Dithmenos.
  6604 | D:7      | Reached skill level 5 in Shields
  6703 | D:8      | Noticed Maurice
  6723 | D:8      | Killed Maurice
  6723 | D:8      | Reached skill level 10 in Long Blades
  6781 | D:8      | Found a staircase to the Lair.
  6822 | D:8      | Noticed Gastronok
  6901 | D:8      | Killed Gastronok
  6901 | D:8      | Reached XP level 10. HP: 41/88 MP: 10/10
  7175 | D:8      | Noticed Psyche
  7183 | D:8      | Killed Psyche
  7246 | D:8      | Noticed Prince Ribbit
  7262 | D:8      | Killed Prince Ribbit
  7262 | D:8      | Reached skill level 11 in Long Blades
  7505 | D:8      | Noticed Erica
  7522 | D:8      | Killed Erica
  7770 | D:8      | Reached ***** piety under Trog
  8143 | D:9      | Reached XP level 11. HP: 95/95 MP: 11/11
  8234 | D:9      | Found a white marble altar of Elyvilon.
  8460 | D:9      | Found a white marble altar of Elyvilon.
  8460 | D:9      | Noticed an angel
  8461 | D:9      | Found a runed door.
  8658 | D:9      | Found a stormy altar of Qazlal.
  8796 | D:10     | Entered Level 10 of the Dungeon
  9158 | D:10     | Reached skill level 12 in Long Blades
  9161 | D:10     | Noticed a hill giant
  9172 | D:10     | Killed a hill giant
  9491 | D:11     | You fall through a shaft for 2 floors!
  9522 | D:12     | Found a shimmering altar of Xom.
  9744 | D:11     | Received a gift from Trog
  9845 | D:11     | Noticed a tengu warrior
  9864 | D:11     | Killed a tengu warrior
 10368 | D:11     | Reached skill level 10 in Fighting
 10482 | D:11     | Noticed a four-headed hydra
 10492 | D:11     | Killed a one-headed hydra
 10662 | D:11     | Found a staircase to the Orcish Mines.
 10670 | D:11     | Found Duykh's Armour Shop.
 10695 | D:11     | Bought a +0 pair of gloves for 76 gold pieces
 10715 | D:11     | Reached XP level 12. HP: 104/106 MP: 12/12
 10909 | D:11     | Reached skill level 13 in Long Blades
 11308 | D:12     | Noticed a tengu warrior
 11320 | D:12     | Killed a tengu warrior
 11581 | D:12     | Got a spiked shield
 11592 | D:12     | Identified the cursed +0 shield of Good Intentions {rElec rN+ Int-3} (You found it on level 12 of the Dungeon)
 11633 | D:12     | Received a gift from Trog
 12740 | D:13     | Noticed a centaur warrior
 12753 | D:13     | Killed a centaur warrior
 13066 | D:13     | Noticed a hill giant
 13072 | D:13     | Killed a hill giant
 13293 | D:14     | Found a labyrinth entrance.
 13299 | Lab      | Entered a labyrinth
 13538 | Lab      | Reached skill level 14 in Long Blades
 15439 | Lab      | Noticed a minotaur
 15445 | Lab      | Killed a minotaur
 15493 | Lab      | Got a translucent long sword {slice}
 15494 | Lab      | Identified the +8 long sword of Disharmony {slice, rF+ Int+4} (You took it off a minotaur in a labyrinth)
 15693 | D:14     | Gained mutation: Your flesh is cold resistant. [mutagenic meat]
 15695 | D:14     | Gained mutation: You occasionally shout uncontrollably at your foes. [mutagenic meat]
 15723 | D:14     | Reached XP level 13. HP: 116/116 MP: 7/13
 15798 | D:15     | Entered Level 15 of the Dungeon
 16424 | D:14     | Noticed a vault guard
 16444 | D:14     | Received a gift from Trog
 16445 | D:14     | Reached skill level 10 in Shields
 16514 | D:14     | Killed a vault guard
 16899 | D:14     | Found a gate to the Vaults.
 16945 | D:14     | Reached skill level 15 in Long Blades
 16946 | D:14     | Reached skill level 10 in Dodging
 17610 | D:15     | Found Nugijong's Antique Weapon Shoppe.
 17620 | D:15     | Gained mutation: You sometimes yell uncontrollably at your foes. [potion of mutation]
 17620 | D:15     | Gained mutation: You have large cloven feet. [potion of mutation]
 17620 | D:15     | Gained mutation: Your spells are a little harder to cast, but a little more powerful. [potion of mutation]
 17621 | D:15     | Gained mutation: Your magical capacity is low (-10% MP). [potion of mutation]
 17621 | D:15     | Lost mutation: You are weak. (Str -2) [potion of mutation]
 17621 | D:15     | Lost mutation: You have large cloven feet. [potion of mutation]
 18161 | D:15     | Lost mutation: You sometimes yell uncontrollably at your foes. [mutagenic meat]
 18162 | D:15     | Gained mutation: You have a pair of small antennae on your head. [mutagenic meat]
 18163 | D:15     | Gained mutation: You evolve. [mutagenic meat]
 18164 | D:15     | Gained mutation: Your muscles are strong. (Str +2) [mutagenic meat]
 18535 | D:15     | Reached XP level 14. HP: 90/127 MP: 12/12
 18655 | D:15     | Found a staircase to the Depths.
 19030 | Depths:1 | Entered Level 1 of the Depths
 19213 | Depths:1 | Noticed a tentacled monstrosity
 19221 | Depths:1 | Killed a tentacled monstrosity
 19525 | Depths:1 | Reached skill level 16 in Long Blades
 19568 | Depths:1 | Noticed a sphinx
 19755 | Depths:1 | Found Yzuwaff's Quality Used Wands.
 19884 | Depths:1 | Noticed a frost giant
 19908 | Depths:1 | Killed a frost giant
 20144 | Depths:1 | Noticed a frost giant
 20290 | Depths:1 | Received a gift from Trog
 20623 | Depths:1 | Noticed a frost giant
 20851 | D:15     | Received a gift from Trog
 21363 | Depths:1 | Killed a frost giant
 21690 | D:15     | Reached XP level 15. HP: 125/136 MP: 4/13
 21871 | D:15     | Lost mutation: Your spells are a little harder to cast, but a little more powerful. [evolution]
 22185 | Depths:1 | Reached skill level 17 in Long Blades
 22955 | Depths:1 | Noticed a frost giant
 22971 | Depths:1 | Noticed a lich
 22971 | Depths:1 | Killed a frost giant
 22986 | Depths:1 | Killed a lich
 23110 | Depths:1 | Noticed a deep elf sorcerer
 23117 | Depths:1 | Killed a deep elf sorcerer
 23168 | Depths:1 | Noticed a frost giant
 23171 | Depths:1 | Noticed a frost giant
 23172 | Depths:1 | Noticed a caustic shrike
 23174 | Depths:1 | Noticed a quicksilver dragon
 23187 | Depths:1 | Killed a frost giant
 23200 | Depths:1 | Killed a quicksilver dragon
 23228 | Depths:1 | Killed a frost giant
 23849 | Depths:1 | Noticed a balrug
 23860 | Depths:1 | Killed a balrug
 24976 | Depths:1 | Found a gateway to Hell.
 24996 | Depths:1 | Received a gift from Trog
 25186 | Depths:1 | Reached skill level 18 in Long Blades
 25370 | Depths:1 | Reached XP level 16. HP: 79/146 MP: 4/14
 25771 | Depths:1 | Gained mutation: Your skin changes colour to match your surroundings (Stealth). [evolution]
 26150 | Depths:1 | Noticed a frost giant
 26162 | Depths:1 | Killed a frost giant
 26707 | Depths:1 | Noticed a tentacled monstrosity
 26718 | Depths:1 | Killed a tentacled monstrosity
 27820 | Depths:1 | Noticed a lich
 28143 | Depths:1 | Killed a lich
 28362 | Depths:1 | Reached skill level 15 in Fighting
 28469 | Depths:1 | Reached skill level 19 in Long Blades
 28727 | Depths:1 | Received a gift from Trog
 28919 | Depths:2 | Reached XP level 17. HP: 156/156 MP: 5/15
 29360 | Depths:2 | Gained mutation: You are robust (+10% HP). [evolution]
 29709 | Depths:2 | Found an ancient bone altar of Kikubaaqudgha.
 29709 | Depths:2 | Noticed a lich
 29709 | Depths:2 | Noticed a lich
 29716 | Depths:2 | Noticed a Brimstone Fiend
 29717 | Depths:2 | Killed a lich
 29724 | Depths:2 | Killed a lich
 31393 | Depths:2 | Got a twisted glaive
 31596 | Depths:2 | Noticed a Shadow Fiend
 31603 | Depths:2 | Killed a Shadow Fiend
 31607 | Depths:2 | Received a gift from Trog
 31632 | Depths:2 | Got a fine scimitar {god gift}
 31633 | Depths:2 | Identified the +7 scimitar of Resourcefulness {speed, MR+ Str+3} (Trog gifted it to you on level 2 of the Depths)
 31645 | Depths:2 | Identified a scroll of acquirement
 32096 | Depths:2 | Reached skill level 20 in Long Blades
 32151 | Depths:2 | Gained mutation: You have large cloven feet. [evolution]
 32575 | Depths:2 | Reached XP level 18. HP: 182/182 MP: 16/16
 33491 | Depths:3 | Found a gateway to a ziggurat.
 33546 | Depths:3 | Reached ****** piety under Trog
 33671 | Depths:3 | Received a gift from Trog
 34565 | Depths:3 | Found a one-way gate leading to the halls of Pandemonium.
 34588 | Depths:3 | Found a shimmering altar of Xom.
 34884 | Depths:3 | Gained mutation: You have a beak for a mouth. [evolution]
 35511 | Depths:2 | Paralysed by a wasp for 1 turns
 35516 | Depths:2 | Paralysed by a wasp for 3 turns
 36292 | Depths:4 | Reached skill level 15 in Shields
 36556 | Depths:4 | Received a gift from Trog
 36603 | Depths:4 | Reached skill level 21 in Long Blades
 36778 | Depths:4 | Noticed a golden dragon
 36792 | Depths:4 | Killed a golden dragon
 37016 | Depths:4 | Noticed Frederick
 37135 | Depths:4 | Killed Frederick
 37135 | Depths:4 | Reached XP level 19. HP: 93/191 MP: 5/17
 37501 | Depths:4 | Got a brightly glowing hat
 37512 | Depths:4 | Identified the +0 hat of the Lair of Beasts {+Fly rF- Regen+ Stlth+} (You acquired it on level 4 of the Depths)
 38407 | Depths:4 | Received a gift from Trog
 38599 | Depths:5 | Entered Level 5 of the Depths
 39889 | Depths:5 | Noticed a juggernaut
 39905 | Depths:5 | Killed a juggernaut
 39917 | Depths:5 | HP: 4/194 [purple draconian/morningstar (16)]
 40593 | Depths:3 | Noticed a golden dragon
 40733 | Depths:3 | Received a gift from Trog
 40740 | Depths:3 | Killed a golden dragon
 40822 | Depths:3 | Reached skill level 22 in Long Blades
 40838 | Depths:3 | Reached skill level 15 in Dodging
 40860 | Depths:3 | Noticed a caustic shrike
 40860 | Depths:3 | a shadow dragon changed into a caustic shrike
 40864 | Depths:3 | Noticed a golden dragon
 40864 | Depths:3 | a caustic shrike changed into a golden dragon
 40876 | Depths:3 | a golden dragon changed into a quicksilver dragon
 41309 | Depths:5 | Identified Advanced Steps in Spellcraft
 41476 | Depths:5 | Reached XP level 20. HP: 199/205 MP: 6/18
 42789 | Depths:5 | HP: 10/200 [poison (dark miasma)]
 42794 | Depths:5 | HP: 10/200 [poison (dark miasma)]
 42803 | Depths:5 | HP: 10/200 [poison (dark miasma)]
 42808 | Depths:5 | HP: 8/200 [poison (dark miasma)]
 42818 | Depths:5 | HP: 2/200 [yaktaur/poisoned bolt[a yaktaur captain] (11)]
 42820 | Depths:5 | Shot with a poisoned bolt by a yaktaur

Action                   |  1- 3 |  4- 6 |  7- 9 | 10-12 | 13-15 | 16-18 | 19-21 || total
-------------------------+-------+-------+-------+-------+-------+-------+-------++-------
Melee: Short sword       |    96 |   170 |   575 |    34 |       |       |       ||   875
       Falchion          |     5 |       |       |       |       |       |       ||     5
       Scimitar          |       |       |       |   770 |       |   372 |       ||  1142
       Long sword        |       |       |       |    41 |   585 |       |       ||   626
       Demon blade       |       |       |       |       |   454 |   911 |       ||  1365
       Double sword      |       |       |       |       |       |   344 |   694 ||  1038
Invok: Berserk           |       |     1 |     8 |     6 |    27 |    31 |    15 ||    88
       Trog's Hand       |       |       |     1 |       |     4 |     1 |     2 ||     8
       Brothers in Arms  |       |       |       |       |     6 |     1 |     2 ||     9
       Burn Spellbooks   |       |       |       |       |     1 |     6 |     2 ||     9
 Abil: Breathe Dispellin |       |       |     2 |     2 |     1 |     1 |     1 ||     7
Evoke: Wand              |       |       |       |       |     1 |       |     2 ||     3
  Use: Scroll            |       |       |    16 |     5 |     8 |     6 |    12 ||    47
       Potion            |       |       |     1 |       |     3 |       |     3 ||     7
 Stab: Sleeping          |     2 |     4 |     1 |     3 |       |     3 |       ||    13
       Distracted        |       |       |       |     1 |     2 |     1 |       ||     4
  Eat: Chunk             |       |     7 |    15 |    28 |    26 |    50 |    37 ||   163
       Fruit             |       |       |     2 |       |       |     4 |       ||     6
       Beef jerky        |       |       |     1 |     1 |     3 |     1 |       ||     6
       Meat ration       |       |       |     1 |     1 |     6 |     1 |       ||     9
       Pizza             |       |       |       |     3 |       |     1 |       ||     4
       Royal jelly       |       |       |       |       |     1 |       |       ||     1
       Bread ration      |       |       |       |       |     1 |     4 |       ||     5
